[Event "*** Titled Tuesday Blitz"]
[Site "Chess.com"]
[Date "2021.04.06"]
[Round "7"]
[White "c_r_e_e_p_e_r"]
[Black "Lenyas66"]
[Result "0-1"]
[WhiteElo "2367"]
[BlackElo "2514"]
[TimeControl "180+1"]
[EndTime "11:18:54 PDT"]
[Termination "Lenyas66 won by checkmate"]

1. d4 e6 2. e4 d5 3. Nd2 Nf6 4. e5 Nfd7 5. f4 c5 6. c3 Nc6 7.
Ngf3 Qb6 8. Nb3 f5 9. Be2 Be7 10.
O-O O-O 11. Kh1 cxd4 12. Nbxd4 Nc5 13. Rb1 Ne4 14. Be3 Qc7 15. c4 Rd8 16. cxd5 Rxd5 17.
Bc4 Nxd4 18. Bxd5 Nxf3 19. Bxe4 fxe4 20. gxf3 Bd7 21. Qb3 b5 22. Rbc1 Qb7 23. f5 exf3 24. Bf2 Rc8 25. fxe6 Bc6 26. Qe3 a5 27. Rg1 Kh8 28.
Rg4 h6 29. Rcg1 Bf8 30. Qf4 Bd5 31. Qf5 Qe7 32. Rg6 Rc6 33. Qf7 Qxf7 34. exf7 Rc2 35. Rd1 Bxf7 36. Rb6 Rxf2 37. Rb8 Kg8 38. Kg1 Rg2+ 39.
Kf1 Bc4+ 40. Ke1 f2+ 41. Kd2 f1=Q+ 42. Kc1 Qf4+ 43. Kb1 Qe4+ 44. Ka1 Qc2 45. Rb1 Bd3 46. b3 Qxb1# 0-1

[Event "*** Titled Tuesday Blitz"]
[Site "Chess.com"]
[Date "2021.04.06"]
[Round "7"]
[White "IwkooO"]
[Black "zmeeed67"]
[Result "0-1"]
[WhiteElo "2597"]
[BlackElo "2447"]
[TimeControl "180+1"]
[EndTime "11:18:55 PDT"]
[Termination "zmeeed67 won by checkmate"]

1. e4 c5 2. Nc3 Nc6 3. Nge2 e5 4. Ng3 d6 5. Bc4 Be6 6. d3 Be7 7. O-O Nf6 8. f4 h5 9. Bb3 h4 10. Nf5 Bxf5 11. exf5 h3 12. g3 Qd7 13. Nd5 Nd4 14.
fxe5 dxe5 15. Nxf6+ Bxf6 16. Qg4 g6 17. Be3 gxf5 18. Qd1 O-O-O 19. Bxd4 Qxd4+ 20. Kh1 f4 21. gxf4 Rdg8 22. Qf3 Rg2 23. Rae1 exf4 24. Qxf4 Rg1+ 25. Rxg1 Qxf4 26. Rgf1 Qd6 27. Bxf7 Bxb2 28. Be6+ Kb8 29. Re4 Bd4 30. Bc4 Rf8 31. Rfe1 a6 32. Re6 Qd7 33. Re7 Qc6+ 34. R7e4 Rf2 35. Be6 Qd6 36. Re5 Bxe5 37. Bxh3 Bd4 38. Bg2 Rxg2 39. Kxg2 Qg6+ 40. Kf3 Qh5+ 41.
Kg2 Qg4+ 42. Kh1 Qf3# 0-1

[Event "*** Titled Tuesday Blitz"]
[Site "Chess.com"]
[Date "2021.04.06"]
[Round "7"]
[White "ajdemipopushi"]
[Black "enriquetejedor"]
[Result "0-1"]
[WhiteElo "2433"]
[BlackElo "2596"]
[TimeControl "180+1"]
[EndTime "11:18:55 PDT"]
[Termination "enriquetejedor won by resignation"]

1. Nf3 d6 2. g3 e5 3. c4 Nc6 4. Bg2 g6 5. d4 Bg7 6. d5 Nce7 7.
O-O f5 8. Nc3 Nf6 9. Ng5 O-O 10.
e4 f4 11. gxf4 Nh5 12. f5 Nf4 13. Ne6 Bxe6 14. fxe6 g5 15. Ne2 Neg6 16. f3 Nxg2 17. Kxg2 Nh4+ 18. Kh1 Nxf3 19. Ng3 g4 20. Nf5 Rxf5 21. exf5 Qh4 22. Rxf3 gxf3 23. Qxf3 Qe1+ 24. Kg2 Rf8 25. b3 e4 26. Qg4 Qc3 27. Rb1 Qc2+ 28. Kh3 Qxb1 29. Bh6 Qa1 30. e7 Re8 31. Bxg7 Qxg7 32.
Qxe4 Qxe7 33. Qg4+ Qg7 34. Qf4 Rf8 35. Qe4 Qe5 36.
Qg4+ Kh8 37. Qh5 Qxf5+ 38. Qxf5 Rxf5 39. Kg4 Re5 40. Kf4 Re1 41. h4 Ra1 0-1

[Event "*** Titled Tuesday Blitz"]
[Site "Chess.com"]
[Date "2021.04.06"]
[Round "7"]
[White "Kostya_Nikologorskiy"]
[Black "swisspower96"]
[Result "1-0"]
[WhiteElo "2684"]
[BlackElo "2560"]
[TimeControl "180+1"]
[EndTime "11:18:56 PDT"]
[Termination "Kostya_Nikologorskiy won by resignation"]

1. d4 Nf6 2. Bf4 d5 3. Nf3 c5 4.
e3 Nc6 5. c3 Qb6 6. Qb3 c4 7.
Qxb6 axb6 8. Nbd2 b5 9. Be2 Bf5 10. Nh4 Bd7 11. h3 h6 12. Nhf3 b4 13. cxb4 Nxb4 14.
O-O Bf5 15. Ne5 e6 16. a3 Nc6 17. g4 Bh7 18. Bg3 Na5 19. f4 Ne4 20. Nxe4 Bxe4 21. f5 exf5 22. gxf5 Be7 23. Bh5 O-O 24. f6 Bxf6 25.
Nd7 Bg5 26. Nxf8 Bxe3+ 27. Bf2 Bxf2+ 28. Kxf2 Rxf8 29. Bf3 Nb3 30. Rad1 f5 31. Rg1 Rd8 32. Rg6 f4 33. Rb6 Bc2 34. Rg1 Nxd4 35. Rxb7 g5 36. Bh5 Nf5 37. Bf7+ Kh8 38. Be6 Nd6 39. Rc7 d4 40. h4 Ne4+ 41. Kf3 Nd2+ 42. Ke2 c3 43.
hxg5 hxg5 44. Rh1+ 1-0

[Event "*** Titled Tuesday Blitz"]
[Site "Chess.com"]
[Date "2021.04.06"]
[Round "7"]
[White "DenLaz"]
[Black "Omk124"]
[Result "1-0"]
[WhiteElo "2828"]
[BlackElo "2588"]
[TimeControl "180+1"]
[EndTime "11:18:59 PDT"]
[Termination "DenLaz won by resignation"]

1. d4 Nf6 2. c4 g6 3. Nc3 d5 4.
Bf4 Bg7 5. e3 O-O 6. cxd5 Nxd5 7. Nxd5 Qxd5 8. Bxc7 Na6 9. Bxa6 Qxg2 10. Qf3 Qxf3 11. Nxf3 bxa6 12. Rc1 Be6 13. b3 Rfc8 14. O-O Bf6 15. Rc5 Bg4 16. Nd2 Kf8 17. Rfc1 Ke8 18. f3 Bf5 19. Kf2 Bd3 20. Ne4 Bxe4 21. fxe4 e6 22. Ke2 Be7 23. R5c4 Kd7 24. Kd3 f6 25. Bg3 h5 26. h3 Rxc4 27. bxc4 Rc8 28. Rb1 Bd6 29.
Bxd6 Kxd6 30. c5+ Kd7 31. Kc4 g5 32. d5 exd5+ 33. exd5 g4 34. hxg4 hxg4 35. Rh1 Rg8 36. Rh7+ Kc8 37. c6 g3 38. Rh1 g2 39. Rg1 Kc7 40. Kc5 Rg5 41. e4 a5 42. a4 a6 43.
Kd4 Rg4 44. Ke3 Kd6 45. Kf3 f5 46. exf5 Rxa4 47. Rxg2 Kxd5 48. Rc2 Ra3+ 49. Kf4 Ra4+ 50.
Kg5 Ra1 51. c7 Rg1+ 52. Kf6 Rg8 53. c8=Q Rxc8 54. Rxc8 a4 55. Ra8 a3 56. Rxa6 1-0

[Event "*** Titled Tuesday Blitz"]
[Site "Chess.com"]
[Date "2021.04.06"]
[Round "7"]
[White "Legendinunknown"]
[Black "kubal123"]
[Result "1-0"]
[WhiteElo "2609"]
[BlackElo "2242"]
[TimeControl "180+1"]
[EndTime "11:18:59 PDT"]
[Termination "Legendinunknown won by checkmate"]

1. d4 Nf6 2. c4 c5 3. d5 b5 4. Nd2 bxc4 5. e4 d6 6. Bxc4 g6 7. Ngf3 Bg7 8. O-O O-O 9. Rb1 Nbd7 10. b3 Nb6 11. Bb2 a5 12. Qc2 a4 13. Rfd1 axb3 14. axb3 Ra2 15. b4 Nxc4 16. Qxc4 Ra4 17. Bc3 cxb4 18.
Rxb4 Ba6 19. Qb3 Rxb4 20. Qxb4 Qc7 21. Qa3 Be2 22. Re1 Bxf3 23. Nxf3 Rc8 24. Bd2 Nd7 25. h3 Rb8 26. Rc1 Qb7 27. Be3 Bb2 28. Qa4 Bxc1 29.
Bxc1 Qb1 30. Qc4 Nb6 31. Qf1 Qxe4 32. Bg5 Nxd5 33. Kh2 Rb1 34. Qa6 Kg7 35. Qc8 h6 36. Bxh6+ Kf6 37. Qh8+ Ke6 38. Ng5+ Kf5 39. g4+ Kf4 40.
Nxe4+ Kxe4 41. Qg8 Nf4 42. Bxf4 Kxf4 43. Qxf7+ Kg5 44.
Qxe7+ Kh6 45. h4 Rb2 46. Qf8+ Kh7 47. Qf7+ Kh6 48. g5+ Kh5 49. Kg3 Rb3+ 50. f3 d5 51. Qh7# 1-0

[Event "*** Titled Tuesday Blitz"]
[Site "Chess.com"]
[Date "2021.04.06"]
[Round "7"]
[White "ChessWarrior7197"]
[Black "KaterynaLagno"]
[Result "1-0"]
[WhiteElo "2914"]
[BlackElo "2678"]
[TimeControl "180+1"]
[EndTime "11:19:00 PDT"]
[Termination "ChessWarrior7197 won by resignation"]

1. e4 e5 2. Nf3 Nc6 3. Bb5 a6 4. Ba4 Nf6 5. O-O b5 6. Bb3 Bc5 7.
a4 Rb8 8. d3 d6 9. axb5 axb5 10. Be3 O-O 11. h3 Bb6 12. Nc3 Ne7 13. Bg5 c6 14. Nh4 Ng6 15. Nxg6 hxg6 16. Kh1 Qc7 17. Ne2 Be6 18. Bxe6 fxe6 19. f4 Nh7 20. Bh4 exf4 21. Nxf4 Rxf4 22. Rxf4 g5 23. Bxg5 Nxg5 24. Qg4 Qe7 25.
Raf1 Ra8 26. Qh5 Nh7 27. Rh4 g5 28. Qg6+ Kh8 29. Rh6 Qg7 30. Qxe6 Rf8 31. Rf5 Rxf5 32. exf5 Qf8 33. c3 Bd8 34. Qxd6 Be7 35. Qg6 Qg7 36. Qxg7+ Kxg7 37. Rxc6 Nf6 38. g4 Nd5 39. d4 Nf4 40. Kh2 Kf7 41. Rb6 Nd3 42. Rxb5 Bd6+ 43. Kg2 Nf4+ 44. Kf3 Nxh3 45. c4 Nf4 46. c5 Be7 47. b4 Nd5 48. Rb7 Kf6 49. b5 Nc3 50. b6 Nb5 51. Ke4 Nc3+ 52. Kd3 Nb5 53. Rxe7 Kxe7 54.
b7 1-0

[Event "*** Titled Tuesday Blitz"]
[Site "Chess.com"]
[Date "2021.04.06"]
[Round "7"]
[White "elvidirris"]
[Black "esrosenberg"]
[Result "0-1"]
[WhiteElo "2013"]
[BlackElo "2211"]
[TimeControl "180+1"]
[EndTime "11:19:00 PDT"]
[Termination "esrosenberg won by resignation"]

1. e4 e5 2. Nf3 Nc6 3. Bb5 a6 4. Ba4 Nf6 5. O-O Be7 6. Re1 b5 7. Bb3 O-O 8. c3 d5 9. exd5 Nxd5 10. Nxe5 Nxe5 11. Rxe5 c6 12. d4 Bd6 13. Re1 Qh4 14.
g3 Qh3 15. Be3 Ra7 16. Qd3 f5 17. Bxd5+ cxd5 18. f4 Re7 19. Nd2 g5 20. Qf1 Qxf1+ 21. Nxf1 Rfe8 22. Kf2 b4 23. fxg5 bxc3 24. bxc3 Ba3 25.
Rab1 Bd7 26. Rb3 Bd6 27. Rb6 Re6 28. h4 Bxg3+ 29. Nxg3 Rxb6 30. Nh5 Kf7 31. Nf6 Re7 32. Nxd5 Rb2+ 33. Kf3 Re4 34. Rh1 Bc6 35. c4 Bxd5 36.
cxd5 Rxa2 37. Rb1 Ra3 38. Re1 a5 39. d6 Ke8 40. Kf2 Kd7 41. h5 f4 42. g6 hxg6 43. hxg6 fxe3+ 44. Kf3 Re6 45. g7 e2+ 46. Kf4 Rg6 47.
Rb1 e1=Q 48. Rxe1 Rxg7 49. Kf5 Kxd6 0-1

[Event "*** Titled Tuesday Blitz"]
[Site "Chess.com"]
[Date "2021.04.06"]
[Round "7"]
[White "Meri-Arabidze"]
[Black "I_Enchev"]
[Result "0-1"]
[WhiteElo "2629"]
[BlackElo "2510"]
[TimeControl "180+1"]
[EndTime "11:19:02 PDT"]
[Termination "I_Enchev won by checkmate"]

1. Nf3 Nf6 2. d4 d5 3. c4 e6 4. Nc3 a6 5. g3 dxc4 6. a4 b6 7. Bg2 Bb7 8. O-O Nbd7 9. e3 c5 10. Qe2 cxd4 11. exd4 Rc8 12. Rd1 Be7 13. Ne5 Bxg2 14.
Kxg2 Qc7 15. Bf4 Nxe5 16. dxe5 Qc6+ 17. Kg1 Nd7 18. Qg4 g6 19. Re1 h5 20. Qe2 h4 21.
Ne4 hxg3 22. Bxg3 Rh5 23. Nd6+ Bxd6 24. exd6 Kf8 25. Rad1 Qxa4 26. Qf3 Qc6 27. Qf4 Kg8 28. Qg4 Kh7 29. Re3 e5 30. f4 f5 31. Qe2 e4 32.
Qd2 Qc5 33. Bf2 Qc6 34. Rg3 b5 35. Qd4 Re8 36. Be3 Re6 37. Rd2 a5 38. Qa7 Rxd6 39.
Rgg2 Rd3 40. Rge2 Rh3 41. Bf2 a4 42. Kg2 Rxd2 43. Rxd2 Rd3 44. Re2 e3+ 45. Kf1 Rd1+ 46. Be1 Qh1# 0-1

[Event "*** Titled Tuesday Blitz"]
[Site "Chess.com"]
[Date "2021.04.06"]
[Round "7"]
[White "Pantata007"]
[Black "KroshkaKami"]
[Result "1-0"]
[WhiteElo "2263"]
[BlackElo "2362"]
[TimeControl "180+1"]
[EndTime "11:19:02 PDT"]
[Termination "Pantata007 won by resignation"]

1. d4 d5 2. c4 e6 3. Nc3 c6 4. e3 Bb4 5. Nf3 f5 6. Bd3 Nf6 7. O-O O-O 8. Qc2 Bd7 9. cxd5 cxd5 10.
a3 Be7 11. Bd2 Nc6 12. b4 Rc8 13. Rfc1 Be8 14. Qb3 Ne4 15. Be1 g5 16. Ne5 Nxe5 17.
dxe5 Qb6 18. Nxd5 Rxc1 19. Nxe7+ Kf7 20. Rxc1 Kxe7 21. b5 Bd7 22. Bb4+ Kf7 23. Bxf8 Kxf8 24. Bxe4 fxe4 25. a4 a6 26. Qb4+ Ke8 27. Rc5 axb5 28. axb5 Qa7 29. h3 Qa1+ 30. Kh2 h5 31. Qxe4 Qa2 32.
Qg6+ Kd8 33. Qg8+ Ke7 34. Qxg5+ Ke8 35. Qxh5+ Ke7 36. Qh7+ Ke8 37. Rc7 Qd5 38. Qh5+ Ke7 39. Qh7+ Kd8 40. Rxd7+ Qxd7 41. Qxd7+ Kxd7 42. h4 Kc7 43. h5 Kb6 44. h6 Kxb5 45. h7 Ka4 46. h8=Q b5 47. Qe8 1-0

[Event "*** Titled Tuesday Blitz"]
[Site "Chess.com"]
[Date "2021.04.06"]
[Round "7"]
[White "TheCount"]
[Black "Twitch_ElhamBlitz05"]
[Result "1-0"]
[WhiteElo "2611"]
[BlackElo "2819"]
[TimeControl "180+1"]
[EndTime "11:19:03 PDT"]
[Termination "TheCount won on time"]

1. d4 Nf6 2. c4 e6 3. Nf3 c5 4. d5 exd5 5. cxd5 d6 6. Nc3 g6 7. Bf4 a6 8. a4 Bg7 9. e3 O-O 10. h3 Re8 11. Be2 Nbd7 12. O-O Qc7 13. Nd2 Ne5 14. a5 Rb8 15. Qc2 b5 16. axb6 Rxb6 17. Bxe5 dxe5 18. Nc4 Rb4 19. e4 Nd7 20. d6 Qd8 21.
Nd5 Rb8 22. Ne7+ Rxe7 23. dxe7 Qxe7 24. Rfd1 Nf8 25. Nd6 Be6 26. Qxc5 Rxb2 27. Bxa6 h5 28. Bc4 Kh7 29. Ra7 Qh4 30. Bxe6 Nxe6 31. Qe3 Bh6 32. Rxf7+ Bg7 33. Ne8 Kg8 34. Nxg7 Kxf7 35. Rd7+ Kg8 36.
Nxe6 Rb1+ 37. Kh2 Qf6 38. Rg7+ Qxg7 39. Nxg7 Kxg7 40. Qc5 Rf1 41. Qxe5+ Kh7 42. Qf6 Rxf2 43. Qxf2 Kh6 44. e5 Kg5 45. Qf6+ Kh6 46. e6 h4 47. Qxh4+ Kg7 48. Qe7+ Kh6 49. Qf8+ Kg5 50. Kg3 1-0

[Event "*** Titled Tuesday Blitz"]
[Site "Chess.com"]
[Date "2021.04.06"]
[Round "7"]
[White "Iskusnyh"]
[Black "Grandmaster1369"]
[Result "1-0"]
[WhiteElo "2630"]
[BlackElo "2438"]
[TimeControl "180+1"]
[EndTime "11:19:03 PDT"]
[Termination "Iskusnyh won on time"]

1. d4 Nf6 2. c4 e6 3. g3 d5 4. Nf3 dxc4 5. Bg2 c5 6. O-O Nc6 7. Na3 cxd4 8. Nxc4 Bc5 9. a3 a5 10. Bf4 O-O 11. Rc1 Nd5 12. Nfe5 Nxf4 13. gxf4 Nxe5 14.
Nxe5 Bb6 15. Qb3 Bc7 16. Nd3 Rb8 17. Qc4 Bb6 18. Rfd1 Bd7 19. Ne5 f6 20. Nxd7 Qxd7 21.
f5 Kh8 22. Qxe6 Qb5 23. a4 Qb4 24. Qc4 Qxc4 25. Rxc4 Rbc8 26. Rdc1 Rxc4 27. Rxc4 g6 28. fxg6 hxg6 29. Bxb7 Re8 30. Bf3 Rb8 31. Rc6 Kg7 32. b3 Bd8 33. Bd5 Be7 34. Ra6 Bb4 35. Ra7+ Kh6 36. Kg2 Bc3 37. Bc4 Kg5 38. Rd7 Re8 39. Rd5+ Re5 40. Rd6 f5 41. Kg3 Re4 42. f3 Re3 43. h4+ Kh6 44. Bd3 Be1+ 45. Kg2 Re7 46. Kh3 Bxh4 47. Kxh4 1-0

[Event "*** Titled Tuesday Blitz"]
[Site "Chess.com"]
[Date "2021.04.06"]
[Round "7"]
[White "Margency"]
[Black "Nozdrachev_Leonid"]
[Result "1-0"]
[WhiteElo "2725"]
[BlackElo "2570"]
[TimeControl "180+1"]
[EndTime "11:19:04 PDT"]
[Termination "Margency won on time"]

1. e4 c6 2. d4 d5 3. exd5 cxd5 4.
c4 Nf6 5. Nc3 g6 6. cxd5 Nxd5 7.
Qb3 Nxc3 8. bxc3 Bg7 9. Nf3 O-O 10. Be2 Nc6 11. O-O e5 12. Bg5 Qb6 13. d5 e4 14.
dxc6 exf3 15. Bxf3 bxc6 16. Qxb6 axb6 17. Bxc6 Ba6 18.
Bxa8 Bxf1 19. Bd5 Bd3 20. Rd1 Bc2 21. Rd2 Re8 22. Be3 Ba4 23. c4 Bh6 24. Rd3 Bxe3 25.
Rxe3 Rxe3 26. fxe3 Kf8 27. Kf2 f5 28. e4 fxe4 29.
Bxe4 Ke7 30. Ke3 Kd6 31. Kd4 Bd1 32. h4 Bg4 33. a3 Bd1 34. Bf3 Bc2 35. g4 Ba4 36. g5 Bc2 37. Bd5 Bd1 38. Bg8 Ke7 39. Ke5 Bb3 40. Kd4 Ba2 41. Bd5 Kd6 42. Bg8 Ke7 43.
Kc3 Bb1 44. Kb4 Kd6 45. Kb5 Kc7 46. c5 bxc5 47. Kxc5 Bf5 48. Bxh7 Kd7 49. h5 gxh5 50. Bxf5+ 1-0

[Event "*** Titled Tuesday Blitz"]
[Site "Chess.com"]
[Date "2021.04.06"]
[Round "7"]
[White "elextranjero00"]
[Black "thechesscorner64"]
[Result "1/2-1/2"]
[WhiteElo "2578"]
[BlackElo "2424"]
[TimeControl "180+1"]
[EndTime "11:19:04 PDT"]
[Termination "Game drawn by agreement"]

1. d4 Nf6 2. c4 e6 3. Nc3 Bb4 4. e3 b6 5. Ne2 Ne4 6. Bd2 Nxd2 7. Qxd2 O-O 8. a3 Be7 9. Nf4 Bb7 10. d5 e5 11. Nd3 d6 12. g3 a5 13. Bg2 f5 14.
O-O Nd7 15. b4 Bf6 16. e4 f4 17. Rab1 axb4 18. axb4 g5 19. c5 bxc5 20. bxc5 Ba6 21.
cxd6 cxd6 22. Rfc1 Bxd3 23. Qxd3 Nc5 24. Qe2 Kh8 25.
Nb5 Qd7 26. Qc2 Rfb8 27. Nc3 g4 28. Rxb8+ Rxb8 29. Rb1 Qa7 30. Rxb8+ Qxb8 31. Bf1 Qb4 32. Be2 h5 33. h3 fxg3 34. fxg3 Qd4+ 35. Kg2 gxh3+ 36.
Kxh3 Qf2 37. Nd1 Qg1 38. Bf3 h4 39. Qg2 Qxg2+ 40. Kxg2 hxg3 41. Kxg3 Kg7 42. Nf2 Bg5 43. Kg2 Bf4 44. Kf1 Kf6 45. Ke2 Kg5 46. Nd3 Nxd3 47. Kxd3 Kf6 48. Bd1 Ke7 49. Bc2 Kd8 50. Bd1 Kc7 51.
Bc2 1/2-1/2

[Event "*** Titled Tuesday Blitz"]
[Site "Chess.com"]
[Date "2021.04.06"]
[Round "7"]
[White "BrandonJacobson"]
[Black "klimkoj"]
[Result "0-1"]
[WhiteElo "2853"]
[BlackElo "2618"]
[TimeControl "180+1"]
[EndTime "11:19:05 PDT"]
[Termination "klimkoj won by resignation"]

1. d4 Nf6 2. c4 e6 3. Nf3 Bb4+ 4. Nbd2 O-O 5. a3 Be7 6. e4 d6 7. Be2 Nbd7 8. Qc2 e5 9. Nb1 exd4 10. Nxd4 Nc5 11.
Nc3 a5 12. b3 Nfd7 13. O-O Bf6 14. Be3 Ne6 15. Qd2 Nxd4 16. Bxd4 Bxd4 17. Qxd4 Qf6 18. Qd2 Nc5 19. Nd5 Qd8 20. Qc2 f5 21. exf5 Bxf5 22.
Qc3 c6 23. Ne3 Bg6 24. Rad1 Qf6 25. Qxf6 Rxf6 26. b4 axb4 27. axb4 Ne4 28. Bd3 Ra3 29. Bxe4 Bxe4 30. Rd4 Bg6 31. Rfd1 Rb3 32. c5 d5 33.
h3 Rb2 34. R1d2 Rxd2 35. Rxd2 Rf4 36. Rb2 Bd3 37. f3 Bb5 38. Kf2 Rd4 39. Nf5 Rd1 40. Nd6 Ba6 41. g4 Kf8 42. Kg3 Ke7 43. b5 cxb5 44. Nxb5 Rc1 45. Nd6 Rxc5 46. Nxb7 Rc3 47. Na5 d4 48. Nb3 d3 49. Kf4 Rxb3 50. Rxb3 d2 51. Rb1 Be2 52. Ke3 d1=Q 53. Rxd1 Bxd1 54. f4 Kf6 55. f5 Kg5 0-1

[Event "*** Titled Tuesday Blitz"]
[Site "Chess.com"]
[Date "2021.04.06"]
[Round "7"]
[White "ethylalcohol"]
[Black "Redzishchess"]
[Result "0-1"]
[WhiteElo "2115"]
[BlackElo "2341"]
[TimeControl "180+1"]
[EndTime "11:19:05 PDT"]
[Termination "Redzishchess won by checkmate"]

1. d4 Nf6 2. Nf3 e6 3. Bf4 c5 4. e3 Nc6 5. Nc3 d5 6. Nb5 Qa5+ 7. c3 Kd7 8. Be2 c4 9. a4 a6 10. Na3 Nh5 11. Ne5+ Nxe5 12. Bxe5 Nf6 13. O-O Bd6 14. Bxd6 Kxd6 15. f3 Rd8 16. Qe1 Ke7 17. Qg3 Kf8 18.
e4 Bd7 19. e5 Ng8 20. Qh4 h6 21. f4 b5 22. axb5 axb5 23. Nc2 Qc7 24. Ne3 Rxa1 25.
Rxa1 Rb8 26. f5 exf5 27. Nxd5 Qd8 28. Qg3 Bc6 29. Bf3 Bxd5 30. Bxd5 Qxd5 31. Ra7 Rd8 32. Qh4 Ne7 33. Qxe7+ Kg8 34. h3 Rf8 35. Rd7 Qe4 36.
Qh4 Qb1+ 37. Kh2 Qxb2 38. Rb7 Qxc3 39. e6 fxe6 40. Qe7 Qxd4 41. Qxe6+ Kh8 42. Qg6 Qf4+ 43. Qg3 Qxg3+ 44. Kxg3 Rc8 45. Rxb5 c3 46. Kf4 c2 47. Kxf5 c1=Q 48. Ke4 Qe1+ 49. Kd4 Rd8+ 50. Kc5 Qc1+ 51. Kb6 Rb8+ 52. Ka7 Rxb5 53. Ka6 Rb2 54. Ka5 Qa1# 0-1

[Event "*** Titled Tuesday Blitz"]
[Site "Chess.com"]
[Date "2021.04.06"]
[Round "7"]
[White "Zq1"]
[Black "1977Ivan"]
[Result "1/2-1/2"]
[WhiteElo "2557"]
[BlackElo "2759"]
[TimeControl "180+1"]
[EndTime "11:19:06 PDT"]
[Termination "Game drawn by repetition"]

1. d4 Nf6 2. c4 g6 3. Nc3 Bg7 4. e4 d6 5. Nf3 O-O 6. Be2 e5 7. O-O Bg4 8. d5 a5 9. Be3 Na6 10. Nd2 Bd7 11. b3 h5 12. h3 Nh7 13. Qc1 Qh4 14.
Nf3 Qe7 15. Ng5 Nxg5 16. Bxg5 f6 17. Be3 Kh7 18. a3 f5 19. f3 Bf6 20. Rb1 f4 21. Bf2 Bh4 22. Bxh4 Qxh4 23. Qe1 Qxe1 24. Rfxe1 Nc5 25. h4 g5 26. hxg5 Rg8 27. Kf2 Rxg5 28. Rh1 a4 29. b4 Nb3 30. Bd1 Nd4 31. Ne2 Rag8 32. Rh2 Nxe2 33. Bxe2 Kg6 34. Rc1 Kf6 35. c5 Ke7 36. Bd1 h4 37. Be2 Rg3 38. Bf1 Rh8 39. cxd6+ Kxd6 40. Rc5 h3 41. gxh3 Bxh3 42. Bxh3 Rhxh3 43. Rxh3 Rxh3 44. Kg2 Rg3+ 45. Kf2 Rh3 46. Kg2 Rh8 47. Ra5 Rg8+ 48. Kf2 Rh8 49. Kg2 Rg8+ 50. Kf2 Rh8 51. Rxa4 Rh2+ 52. Kf1 Rb2 53. Ra8 c6 54.
dxc6 bxc6 55. Rd8+ Kc7 56. Rd3 Ra2 57. Rc3 Kb6 58. Ke1 Kc7 59. Kf1 Kd6 60. Ke1 Kc7 61.
Kf1 1/2-1/2

[Event "*** Titled Tuesday Blitz"]
[Site "Chess.com"]
[Date "2021.04.06"]
[Round "7"]
[White "Chessmasterzt"]
[Black "fyall777"]
[Result "1/2-1/2"]
[WhiteElo "2595"]
[BlackElo "2443"]
[TimeControl "180+1"]
[EndTime "11:19:06 PDT"]
[Termination "Game drawn - insufficient material"]

1. d4 g6 2. c4 f5 3. Nf3 Bg7 4. g3 Nf6 5. Bg2 O-O 6. O-O d6 7. Nc3 Nc6 8. d5 Ne5 9. Nxe5 dxe5 10. c5 e4 11. Qb3 e6 12. dxe6 Qe7 13. Bf4 Bxe6 14.
Qxb7 Qxc5 15. Qxc7 Qxc7 16. Bxc7 Rac8 17. Be5 Nd5 18.
Bxg7 Kxg7 19. Nxd5 Bxd5 20. Rfd1 Be6 21. Rac1 Bxa2 22. Ra1 Bf7 23. f3 exf3 24. Bxf3 Rc7 25. Rd6 Rb8 26. Rda6 Rxb2 27. Rxa7 Rxa7 28. Rxa7 Kf6 29.
Ra6+ Kg7 30. h4 Rd2 31. Kf2 Rd7 32. Ra5 Rd6 33. h5 Kf6 34. hxg6 hxg6 35. e4 fxe4 36. Bxe4 Rb6 37. Ra3 Ke5 38. Ke3 Rd6 39. Ra5+ Kf6 40. Rc5 g5 41. Rf5+ Ke7 42. Re5+ Re6 43. Rxg5 Kf6 44.
Rf5+ Kg7 45. Rg5+ Kf6 46. Rf5+ Kg7 47. Kf4 Rf6 48. g4 Rxf5+ 49. Bxf5 Kf6 50. g5+ Kg7 51. Ke5 Be8 52. Ke6 Bf7+ 53. Ke7 Bh5 54. g6 Bxg6 1/2-1/2

[Event "*** Titled Tuesday Blitz"]
[Site "Chess.com"]
[Date "2021.04.06"]
[Round "7"]
[White "MasterMK73"]
[Black "erdni1993"]
[Result "0-1"]
[WhiteElo "2288"]
[BlackElo "2495"]
[TimeControl "180+1"]
[EndTime "11:19:06 PDT"]
[Termination "erdni1993 won on time"]

1. e4 c5 2. Nf3 e6 3. c4 Nc6 4. Nc3 Qc7 5. d4 cxd4 6. Nxd4 a6 7. Be3 Nf6 8. Rc1 Bb4 9. Nxc6 bxc6 10. Bd3 e5 11.
O-O O-O 12. Nb1 d6 13. h3 Be6 14. a3 Bc5 15. Bg5 Nd7 16. b4 Bd4 17. Nc3 h6 18.
Bh4 f5 19. Nd5 Bxd5 20. cxd5 c5 21. exf5 Qb6 22. Rb1 c4 23. Bxc4 Rxf5 24. Qg4 Raf8 25. Bd3 e4 26. Qxe4 Ne5 27. Bc2 g6 28. Qe2 R5f7 29. Rbd1 Kg7 30. Rd2 Bc3 31. Rdd1 Qb5 32. Qe4 Rf4 33. Qe3 Rxh4 34. Qxc3 Rc4 35. Qb2 Qb6 36.
Rd2 Rcf4 37. Kh1 Rxf2 38. Rdxf2 Rxf2 39. Re1 Qc7 40. Rc1 Qc4 41. Qb3 Rf1+ 0-1

[Event "*** Titled Tuesday Blitz"]
[Site "Chess.com"]
[Date "2021.04.06"]
[Round "7"]
[White "MustafayevFarid2004"]
[Black "Raud100"]
[Result "1-0"]
[WhiteElo "2449"]
[BlackElo "2267"]
[TimeControl "180+1"]
[EndTime "11:19:07 PDT"]
[Termination "MustafayevFarid2004 won on time"]

1. d4 d5 2. c4 c6 3. e3 Nf6 4.
Nf3 Bg4 5. Nbd2 e6 6. h3 Bh5 7.
Bd3 Nbd7 8. Qb3 Qb6 9. O-O Be7 10. c5 Qc7 11. Re1 O-O 12. e4 dxe4 13. Nxe4 Nxe4 14. Bxe4 Nf6 15. Bc2 Rfd8 16. Ng5 Rxd4 17. Rxe6 Rad8 18. Be3 R4d5 19. Rxf6 Bxf6 20. Nxh7 Bg6 21.
Nxf6+ gxf6 22. Re1 Kg7 23. Qc3 b6 24. Bb3 Rd3 25.
Qc1 b5 26. Bh6+ Kh7 27. Bf4 Qd7 28. Bd6 Qf5 29. Bc2 Qg5 30. Qxg5 fxg5 31. Bxd3 Bxd3 32. Re7 Kg6 33. Rxa7 Re8 34. Rc7 Re1+ 35. Kh2 Be4 36. f3 Bd5 37. Kg3 Re2 38. Rb7 Rxb2 39. a4 f5 40. Be5 f4+ 41. Kh2 Bxf3 42. Bxb2 Bd5 43.
Rg7+ Kf5 44. axb5 cxb5 45. Re7 1-0

[Event "*** Titled Tuesday Blitz"]
[Site "Chess.com"]
[Date "2021.04.06"]
[Round "7"]
[White "Grieve72"]
[Black "NateSolon"]
[Result "1-0"]
[WhiteElo "2513"]
[BlackElo "2616"]
[TimeControl "180+1"]
[EndTime "11:19:08 PDT"]
[Termination "Grieve72 won by resignation"]

1. d4 Nf6 2. Bg5 d5 3. Bxf6 gxf6 4. c4 dxc4 5. e3 c5 6. Bxc4 cxd4 7. Nc3 Nc6 8. Qh5 e6 9. O-O-O Qa5 10. Qxa5 Nxa5 11.
Bb5+ Ke7 12. Rxd4 a6 13. Be2 Bg7 14. Bf3 f5 15. Rd1 Bd7 16. Nge2 Rac8 17. Kb1 b5 18. a3 Rc7 19. Rd3 Rhc8 20. Rhd1 Nc4 21. e4 Ne5 22. Rd6 Nxf3 23. gxf3 Be5 24. Rxa6 Rb8 25. exf5 b4 26. axb4 Rxb4 27. Ka2 Rcb7 28. Rd2 Bb5 29. Ra5 Bxe2 30. Rxe5 Bc4+ 31. Kb1 Kf6 32. Rc5 exf5 33.
Rd6+ Kg7 34. Rd2 Be6 35. Kc1 Rh4 36. Ne2 Rxh2 37. Nd4 Kf6 38. Kc2 h5 39. Rc6 Rb4 40. Kc3 Rb8 41. Re2 Rc8 42. Rxe6+ fxe6 43. Rxc8 Rxf2 44. Rh8 e5 45. Nc6 e4 46. fxe4 fxe4 47. Rf8+ 1-0

[Event "*** Titled Tuesday Blitz"]
[Site "Chess.com"]
[Date "2021.04.06"]
[Round "7"]
[White "Vandros57"]
[Black "ffbp3q"]
[Result "0-1"]
[WhiteElo "2206"]
[BlackElo "2374"]
[TimeControl "180+1"]
[EndTime "11:19:08 PDT"]
[Termination "ffbp3q won on time"]

1. d4 Nf6 2. c4 g6 3. Nc3 Bg7 4. e4 d6 5. f3 O-O 6. Be3 c5 7.
Nge2 Nc6 8. d5 Ne5 9. Ng3 h5 10.
Bd3 h4 11. Nge2 e6 12. O-O exd5 13. cxd5 h3 14. g3 a6 15. a4 b6 16. Kh1 Ne8 17. f4 Nxd3 18. Qxd3 f5 19. e5 dxe5 20. fxe5 Bxe5 21.
Bf4 Bg7 22. Rae1 Nd6 23. Bxd6 Qxd6 24. Nf4 Ra7 25. Ne6 Raf7 26. Nxg7 Kxg7 27. Qe3 Bb7 28.
Qe6 Rd8 29. Qxd6 Rxd6 30. Re5 Rfd7 31. Rfe1 Bxd5+ 32. Nxd5 Rxd5 33. Kg1 Rxe5 34. Rxe5 Rd2 35. b4 cxb4 36. Re6 Ra2 37. Rxb6 Rxa4 38. Kf2 a5 39.
Kf3 g5 40. Ke3 Ra3+ 41. Kd4 f4 42. gxf4 gxf4 43. Ke4 f3 44. Kf5 f2 45. Rb7+ Kf8 46. Rb8+ Ke7 47. Rb7+ Kd6 0-1

[Event "*** Titled Tuesday Blitz"]
[Site "Chess.com"]
[Date "2021.04.06"]
[Round "7"]
[White "suyu28"]
[Black "GadimbayliA"]
[Result "1-0"]
[WhiteElo "2632"]
[BlackElo "2785"]
[TimeControl "180+1"]
[EndTime "11:19:09 PDT"]
[Termination "suyu28 won on time"]

1. d4 d5 2. c4 e5 3. e3 exd4 4. Qxd4 Nc6 5. Qd1 d4 6. exd4 Nxd4 7. Be3 Nc6 8. Qxd8+ Nxd8 9. Nc3 c6 10. Nf3 Bb4 11. O-O-O Nf6 12. Bd4 Ne6 13. Bxf6 gxf6 14. Ne4 Ke7 15.
a3 Ba5 16. Nd6 Rd8 17. Nxc8+ Raxc8 18. Bd3 Bb6 19. Bxh7 Bxf2 20. Bf5 Rxd1+ 21. Rxd1 Rg8 22. g3 c5 23. Bxe6 fxe6 24. Kd2 e5 25. Ke2 Bd4 26.
b3 Ke6 27. Rf1 f5 28. Nh4 Rg5 29. b4 Rh5 30. Rb1 b6 31. a4 cxb4 32. Rxb4 e4 33. Rb5 Bf6 34. a5 Bxh4 35. axb6 axb6 36. Rxb6+ Ke5 37. Rb5+ Kf6 38. gxh4 Rxh4 39. Ke3 Rxh2 40. c5 Rh3+ 41. Kd4 Rd3+ 42. Kc4 Rd1 43. c6 e3 44. Rb2 1-0